 Dungeon Crawl Stone Soup version 0.17.1-1-g73c8601 (webtiles) character file.

35357 shmeve the Blocker (level 13, -2/122 HPs)
             Began as a Minotaur Fighter on Apr 20, 2016.
             Was a High Priest of Trog.
             Slain by a death yak (16 damage)
             ... on level 8 of the Lair of Beasts.
             The game lasted 00:38:15 (15319 turns).

shmeve the Blocker (Minotaur Fighter)              Turns: 15319, Time: 00:38:15

Health: -2/122     AC: 23    Str: 28    XL:     13   Next: 47%
Magic:  12/12      EV: 12    Int: 10    God:    Trog [*****.]
Gold:   852        SH: 14    Dex: 15    Spells: 0 memorised, 12 levels left

rFire  + . .     SeeInvis .     d - +1 broad axe
rCold  x . .     Clarity  .     J - +0 plate armour (curse)
rNeg   . . .     SustAt   .     c - +0 shield
rPois  .         Gourm    .     (helmet restricted)
rElec  .         Spirit   .     F - +5 cloak "Xawukagh" {Int+3}
rCorr  .         Warding  .     p - +0 pair of gloves
rMut   .         Stasis   .     m - +0 pair of boots
MR     .....                    j - amulet of faith
Stlth  ..........               (no ring)
                                a - ring "Eliushrou" {rF+ rC- Str+4 Int+2 Dex+3}

@: exhausted, slowed, very slow, not resistant to hostile enchantments,
extremely unstealthy
A: retaliatory headbutt, horns 2
a: Berserk, Trog's Hand, Brothers in Arms, Burn Spellbooks, Renounce Religion


You were on level 8 of the Lair of Beasts.
You worshipped Trog.
Trog was extremely pleased with you.
You were hungry.

You visited 3 branches of the dungeon, and saw 17 of its levels.

You collected 852 gold pieces.

Inventory:

Hand Weapons
 d - a +1 broad axe (weapon)
Missiles
 N - 4 javelins of returning (quivered)
Armour
 c - a +0 shield (worn)
 m - a +0 pair of boots (worn)
 p - a +0 pair of gloves (worn)
 F - the +5 cloak "Xawukagh" (worn) {Int+3}
   (You found it on level 3 of the Lair of Beasts)

   It affects your intelligence (+3).
 J - a cursed +0 plate armour (worn)
Jewellery
 a - the ring "Eliushrou" (left hand) {rF+ rC- Str+4 Int+2 Dex+3}
   (You found it on level 7 of the Dungeon)

   [ring of protection from fire]

   It affects your strength (+4).
   It affects your intelligence (+2).
   It affects your dexterity (+3).
   It protects you from fire.
   It makes you vulnerable to cold.
 j - an amulet of faith (around neck)
Wands
 n - a wand of slowing (24)
 q - a wand of paralysis (9)
 u - a wand of enslavement (12)
Scrolls
 b - a scroll of magic mapping
 h - 2 scrolls of recharging
 k - 3 scrolls of noise
 l - 3 scrolls of teleportation
 r - 7 scrolls of remove curse
 v - a scroll of enchant armour
 w - a scroll of fog {unknown}
 x - 8 scrolls of identify
 y - a scroll of enchant weapon
 H - a scroll of blinking {unknown}
 I - a scroll of acquirement {unknown}
 M - a scroll of vulnerability {unknown}
Potions
 f - 5 potions of brilliance
 g - 9 potions of curing
 i - 2 potions of berserk rage {unknown}
 o - a potion of heal wounds
 s - 4 potions of haste
 t - 3 potions of cancellation
 A - 2 potions of degeneration {unknown}
 C - 2 potions of agility {unknown}
 D - a potion of invisibility {unknown}
 K - a potion of ambrosia {unknown}
 L - 2 potions of poison {unknown}
Comestibles
 e - 10 bread rations
 z - 4 meat rations
 B - a beef jerky
 E - 14 fruits
 G - 2 slices of pizza


   Skills:
 * Level 13.2 Fighting
 * Level 13.1 Axes
 + Level 8.2 Throwing
 + Level 10.0 Armour
 + Level 8.4 Dodging
 * Level 13.3 Shields


You had 12 spell levels left.
You didn't know any spells.

Dungeon Overview and Level Annotations

Branches:
Dungeon (8/15)             Temple (1/1) D:7            Lair (8/8) D:8
 Shoals (0/4) Lair:5        Snake (0/4) Lair:3
  Slime: Lair:6-8

Altars:
Ashenzari
Cheibriados
Dithmenos
Elyvilon
Fedhas
Kikubaaqudgha
Makhleb
Okawaru
Ru
Sif Muna
Trog
Vehumet
Xom
Yredelemnul
Zin
The Shining One

Shops:
D:8 ?


Innate Abilities, Weirdness & Mutations

You reflexively headbutt those who attack you in melee.
You have a pair of horns on your head.


Message History

You block the deep troll shaman's attack.
The deep troll shaman claws you but does no damage. x2
You closely miss the deep troll shaman.
The deep troll shaman is almost dead.
You barely miss the death yak.
The death yak is heavily wounded.
The death yak gores you but does no damage.
You block the deep troll shaman's attack. x3
The death yak closely misses you.
The deep troll shaman bites you but does no damage.
The deep troll shaman claws you!
* * * LOW HITPOINT WARNING * * *
The deep troll shaman claws you but does no damage.
You slash the deep troll shaman!
You kill the deep troll shaman!
Trog accepts your kill.
You barely miss the death yak.
The death yak is heavily wounded.
The death yak gores you!
You die...

######## ## .......#P#
##.#
.........########...##
.......###.........P.#
......##..P..♣##.†...#
.....##P.....##†@†..##
.....#P....###..Y†#.#
....##...###......# .#
...##...P#..÷.....# .#
..##....##.8....... P#
..#.....#.....#....# #
..#.P..P#.8.####...#
..#.....#... ...÷#
..#....##


You could see a death yak.

Vanquished Creatures
  Snorg (Lair:8)
  A catoblepas (Lair:8)
  6 hydras
  A deep troll shaman (Lair:8)
  7 death yaks
  Pikel (D:5)
  4 black mambas
  A torpor snail (Lair:3)
  8 spiny frogs
  5 komodo dragons
  2 polar bears
  2 fire drakes
  Prince Ribbit (D:5)
  Edmund (D:5)
  24 blink frogs
  A boulder beetle (Lair:5)
  The ghost of Golfball the Cudgeler, an amateur MiFi of the Shining One (D:6)
  21 yaks
  3 basilisks
  A steam dragon (Lair:6)
  3 hippogriffs
  2 nagas (Lair:3)
  7 water moccasins
  14 wolves (Lair:8)
  3 black bears
  A sky beast (D:6)
  5 porcupines (Lair:7)
  An ogre (D:4)
  4 orc warriors
  6 centaurs
  A big kobold (D:7)
  17 crocodiles
  An ice beast (D:6)
  Blork the orc (D:6)
  13 giant frogs
  5 scorpions
  5 wights (D:7)
  A crimson imp (D:8)
  A centaur zombie (D:6)
  4 orc priests
  2 jellies
  3 orc wizards
  Crazy Yiuf (D:3)
  Ijyb (D:2)
  A hound (D:4)
  Jessica (D:2)
  A centaur skeleton (D:6)
  5 iguanas
  6 worker ants
  23 sheep
  A hound skeleton (D:6)
  A worker ant zombie (D:7)
  8 gnolls (D:6)
  61 river rats
  6 adders
  A shadow imp (D:6)
  3 oozes
  An adder zombie (D:7)
  2 worms
  3 giant geckos
  26 orcs
  11 bats
  7 goblins
  3 hobgoblins (D:1)
  6 jackals
  2 ball pythons
  7 giant cockroaches
  2 giant gecko skeletons
  5 giant newts
  2 jackal skeletons
  11 kobolds
  4 quokkas
  18 rats
  5 fungi
  2 plants
429 creatures vanquished.

Vanquished Creatures (others)
  A slave (D:5)
  A worker ant (D:5)
  9 fungi
  3 plants
14 creatures vanquished.

Grand Total: 443 creatures vanquished

Notes
Turn   | Place    | Note
--------------------------------------------------------------
     0 | D:1      | shmeve the Minotaur Fighter began the quest for the Orb.
     0 | D:1      | Reached XP level 1. HP: 19/19 MP: 0/0
   136 | D:1      | Reached XP level 2. HP: 26/26 MP: 1/1
   321 | D:1      | Reached skill level 4 in Armour
   541 | D:1      | Reached skill level 1 in Dodging
   817 | D:2      | Reached XP level 3. HP: 31/33 MP: 2/2
   870 | D:2      | Noticed Ijyb
   893 | D:2      | Killed Ijyb
   893 | D:2      | Reached skill level 1 in Throwing
   961 | D:2      | Reached XP level 4. HP: 40/40 MP: 3/3
  1242 | D:2      | Noticed Jessica
  1246 | D:2      | Killed Jessica
  1375 | D:3      | Found a shattered altar of Ashenzari.
  1389 | D:3      | Reached XP level 5. HP: 46/46 MP: 4/4
  1604 | D:3      | Noticed Crazy Yiuf
  1608 | D:3      | Killed Crazy Yiuf
  1672 | D:3      | Reached skill level 5 in Shields
  1896 | D:4      | Reached XP level 6. HP: 53/53 MP: 5/5
  2334 | D:4      | Reached skill level 5 in Fighting
  2837 | D:4      | Reached skill level 5 in Armour
  2837 | D:4      | Reached XP level 7. HP: 39/61 MP: 6/6
  3066 | D:4      | Found a white marble altar of Elyvilon.
  3116 | D:5      | Entered Level 5 of the Dungeon
  3143 | D:5      | Noticed Pikel
  3163 | D:5      | Killed Pikel
  3163 | D:5      | Reached skill level 6 in Fighting
  3163 | D:5      | Reached skill level 5 in Axes
  3163 | D:5      | Reached XP level 8. HP: 57/70 MP: 7/7
  3222 | D:5      | Noticed Prince Ribbit
  3298 | D:5      | Killed Prince Ribbit
  3522 | D:5      | Noticed Edmund
  3538 | D:5      | Killed Edmund
  3538 | D:5      | Reached skill level 7 in Shields
  3778 | D:6      | HP: 1/71 [orc warrior/war axe (4)]
  4218 | D:6      | Noticed Golfball's ghost (amateur MiFi)
  4235 | D:6      | Killed Golfball's ghost
  4272 | D:6      | Noticed Blork the orc
  4273 | D:6      | Found an iron altar of Okawaru.
  4286 | D:6      | Killed Blork the orc
  4286 | D:6      | Reached XP level 9. HP: 60/79 MP: 8/8
  4440 | D:6      | Reached skill level 8 in Shields
  5031 | D:7      | Found a deep blue altar of Sif Muna.
  5315 | D:7      | Got a brightly glowing jade ring
  5316 | D:7      | Identified the ring "Eliushrou" {rF+ rC- Str+4 Int+2 Dex+3} (You found it on level 7 of the Dungeon)
  5543 | D:7      | Found a staircase to the Ecumenical Temple.
  5550 | Temple   | Entered the Ecumenical Temple
  5625 | Temple   | Became a worshipper of Trog the Wrathful
  5858 | D:8      | Reached skill level 9 in Shields
  6006 | D:8      | Found Lufrint's Magic Scroll Shoppe.
  6045 | D:8      | Found a staircase to the Lair.
  6112 | Lair:1   | Entered Level 1 of the Lair of Beasts
  6134 | Lair:1   | Reached * piety under Trog
  6317 | Lair:1   | Got a polished battleaxe
  6318 | Lair:1   | Identified the +5 battleaxe of Gluttony {freeze, MR+} (You found it on level 1 of the Lair of Beasts)
  6424 | Lair:1   | Reached skill level 5 in Throwing
  6424 | Lair:1   | Reached XP level 10. HP: 90/90 MP: 9/9
  6640 | Lair:1   | Noticed a spiny frog
  6652 | Lair:1   | Killed a spiny frog
  6652 | Lair:1   | Reached ** piety under Trog
  7073 | Lair:2   | Noticed a black mamba
  7079 | Lair:2   | Killed a black mamba
  7097 | Lair:2   | Reached skill level 5 in Dodging
  7732 | Lair:2   | Noticed a black mamba
  7741 | Lair:2   | Killed a black mamba
  8019 | Lair:2   | Reached skill level 10 in Shields
  8413 | Lair:3   | Reached skill level 10 in Fighting
  8417 | Lair:3   | Reached *** piety under Trog
  8766 | Lair:3   | Reached XP level 11. HP: 99/99 MP: 10/10
  8773 | Lair:3   | Reached skill level 10 in Axes
  8935 | Lair:3   | Noticed a black mamba
  8954 | Lair:3   | Killed a black mamba
  8991 | Lair:3   | HP: 5/101 [poisoned by a black mamba]
  8999 | Lair:3   | HP: 5/101 [poisoned by a black mamba]
  9630 | Lair:3   | Got a spiked cloak
  9671 | Lair:3   | Identified the +5 cloak "Xawukagh" {Int+3} (You found it on level 3 of the Lair of Beasts)
  9776 | Lair:3   | Found a staircase to the Snake Pit.
 10465 | Lair:4   | Noticed a seven-headed hydra
 10470 | Lair:4   | Killed a nine-headed hydra
 10470 | Lair:4   | Reached skill level 11 in Shields
 10987 | Lair:5   | Noticed a death yak
 10999 | Lair:5   | Killed a death yak
 11074 | Lair:5   | Noticed a death yak
 11075 | Lair:5   | Noticed a death yak
 11086 | Lair:5   | Reached **** piety under Trog
 11089 | Lair:5   | Killed a death yak
 11091 | Lair:5   | Killed a death yak
 11110 | Lair:5   | Found a staircase to the Shoals.
 11206 | Lair:5   | Reached XP level 12. HP: 110/110 MP: 11/11
 11808 | Lair:5   | Noticed an eight-headed hydra
 11817 | Lair:5   | Killed an 11-headed hydra
 12232 | Lair:6   | Reached skill level 12 in Shields
 12375 | Lair:6   | Reached ***** piety under Trog
 12381 | Lair:6   | Received a gift from Trog
 12934 | Lair:7   | Found a deep blue altar of Sif Muna.
 13784 | Lair:7   | Received a gift from Trog
 13919 | Lair:8   | Entered Level 8 of the Lair of Beasts
 13927 | Lair:8   | Noticed a seven-headed hydra
 13938 | Lair:8   | Killed a 13-headed hydra
 14026 | Lair:8   | Noticed a six-headed hydra
 14044 | Lair:8   | Killed a 15-headed hydra
 14057 | Lair:8   | Noticed a five-headed hydra
 14080 | Lair:8   | Killed a five-headed hydra
 14080 | Lair:8   | Reached XP level 13. HP: 33/119 MP: 12/12
 14702 | Lair:8   | Received a gift from Trog
 14703 | Lair:8   | Reached skill level 13 in Shields
 14725 | Lair:8   | Noticed Snorg
 14734 | Lair:8   | Killed Snorg
 14838 | Lair:8   | Received a gift from Trog
 14861 | Lair:8   | Noticed a catoblepas
 14870 | Lair:8   | Noticed a four-headed hydra
 14876 | Lair:8   | Killed a catoblepas
 15304 | Lair:8   | Reached skill level 10 in Armour
 15307 | Lair:8   | Killed a seven-headed hydra
 15319 | Lair:8   | Slain by a death yak

Action                   |  1- 3 |  4- 6 |  7- 9 | 10-12 | 13-15 || total
-------------------------+-------+-------+-------+-------+-------++-------
Melee: War axe           |    89 |   140 |   245 |       |       ||   474
       Broad axe         |       |       |    86 |   461 |   121 ||   668
Throw: Tomahawk          |       |       |    10 |    16 |       ||    26
       Javelin           |       |       |       |    16 |    12 ||    28
Invok: Berserk           |       |       |       |    11 |     3 ||    14
       Trog's Hand       |       |       |       |     2 |       ||     2
  Use: Scroll            |       |       |    16 |     1 |     1 ||    18
       Potion            |       |       |     1 |     1 |       ||     2
  Eat: Chunk             |       |     5 |     9 |    31 |     5 ||    50
       Pizza             |       |       |     3 |     1 |     1 ||     5
       Fruit             |       |       |       |     4 |       ||     4
